 Dungeon Crawl Stone Soup version 0.31.0-9-g3a7656b989 (webtiles) character file.

Game seed: 5534842757032967640

76659 Peloso the Fencer (level 15, -5/141 HPs)
             Began as a Minotaur Fighter on Jan 21, 2024.
             Was a High Priest of Okawaru.
             Slain by a cane toad (6 damage)
             ... while petrified by a catoblepas
             ... on level 4 of the Lair of Beasts on Jan 24, 2024.
             The game lasted 01:03:15 (25712 turns).

Peloso the Fencer (Minotaur Fighter)               Turns: 25712, Time: 01:03:16

Health: -5/141     AC: 20    Str: 23    XL:     15   Next: 13%
Magic:  15/15      EV:  2    Int:  9    God:    Okawaru [*****.]
Gold:   1757       SH:  0    Dex: 15    Spells: 14/14 levels left

rFire   + + .        a - +1 long sword (spect)
rCold   + . .        d - +0 tower shield
rNeg    + + +        x - +1 plate armour {rF+}
rPois   ∞            (helmet restricted)
rElec   +            E - +0 cloak
rCorr   +            (no gloves)
SInv    .            (no boots)
Will    +....        F - amulet of Xin Lasm {Acrobat rElec rF+ Regen+ Dex-2} Stlth
                     Q - ring "Vuza" {rCorr Int+4 Dex+2}
HPRegen 1.23/turn    p - ring of Odopiur {rPois rC+ rN+++ EV+5}
MPRegen 0.14/turn

%: acrobat
@: lethally poisoned (-5 -> -5), petrified
A: horns 2, retaliatory headbutt
a: Renounce Religion, Heroism, Finesse, Duel


You were on level 4 of the Lair of Beasts.
You worshipped Okawaru.
Okawaru was extremely pleased with you.
You visited 4 branches of the dungeon, and saw 21 of its levels.
You also visited: Ossuary, Gauntlet and Volcano.

You collected 1877 gold pieces.
You spent 120 gold pieces at shops.

Inventory:

Hand Weapons
 a - a +1 spectral long sword (weapon)
 b - the +5 quick blade of Causality {flame, Dex+5}
   (You found it in a Gauntlet)

   Dex+5:     It affects your dexterity (+5).
 c - the +7 great mace "Firestarter" {flame, immolate, rFlCloud rF++}
   (You took it off a minotaur in a Gauntlet)

   rFlCloud:  It grants immunity to clouds of flame.
   rF++:      It greatly protects you from fire.
Armour
 d - a +0 tower shield (worn)
 x - a +1 plate armour of fire resistance (worn)
 E - a +0 cloak (worn)
Jewellery
 h - a ring of willpower
 o - a +6 ring of dexterity
 p - the ring of Odopiur (right hand) {rPois rC+ rN+++ EV+5}
   (You found it on level 11 of the Dungeon)

   [ring of evasion]

   EV+5:      It affects your evasion (+5).
   rC+:       It protects you from cold.
   rPois:     It protects you from poison rN+++: It renders you almost immune to
   negative energy.
 y - a ring of flight
 F - the amulet of Xin Lasm (around neck) {Acrobat rElec rF+ Regen+ Dex-2}
   (You acquired it in a Gauntlet)

   [amulet of the acrobat]

   Acrobat:   It increases your evasion while moving and waiting.
   Dex-2:     It affects your dexterity (-2).
   rF+:       It protects you from fire.
   rElec:     It insulates you from electricity.
   Regen+:    It increases your rate of health regeneration.
 Q - the ring "Vuza" (left hand) {rCorr Int+4 Dex+2}
   (You found it in a Gauntlet)

   [ring of resist corrosion]

   Int+4:     It affects your intelligence (+4).
   Dex+2:     It affects your dexterity (+2).
   rCorr:     It protects you from acid and corrosion.
 S - a ring of fire
Wands
 e - a wand of digging (3)
 g - a wand of polymorph (2)
 u - a wand of light (8)
 w - a wand of flame (120)
 D - a wand of roots (22)
Scrolls
 f - a scroll of torment
 i - 8 scrolls of teleportation
 k - a scroll of enchant armour
 l - a scroll of fear
 m - a scroll of revelation
 r - 9 scrolls of identify
 v - a scroll of brand weapon
 B - a scroll of immolation
 M - 2 scrolls of acquirement
 W - 4 scrolls of poison
Potions
 j - 2 potions of might
 n - 5 potions of enlightenment
 q - 2 potions of resistance
 s - 5 potions of haste
 t - a potion of lignification
 z - a potion of cancellation
 A - 5 potions of curing
 I - 2 potions of invisibility


   Skills:
 + Level 15.1 Fighting
 + Level 1.9(10.5) Short Blades
 + Level 17.1(17.2) Long Blades
 + Level 16.3 Armour
 + Level 5.4 Dodging
 + Level 6.2 Stealth
 + Level 13.7 Shields
 + Level 2.5 Invocations
 + Level 1.1 Evocations


You had 14 spell levels left.
You didn't know any spells.
Your spell library contained the following spells:

 Spells                   Type           Power      Damage    Failure   Level
 Apportation              Tloc           0%         N/A       100%        1
 Kiss of Death            Conj/Necr      0%         2d5       100%        1
 Magic Dart               Conj           0%         1d3       100%        1
 Necrotise                Necr           0%         1d4       100%        1
 Sandblast                Erth           0%         2d4       100%        1
 Sting                    Conj/Alch      0%         1d3       100%        1
 Blink                    Tloc           0%         N/A       100%        2
 Lesser Beckoning         Tloc           0%         N/A       100%        2
 Mercury Vapours          Alch/Air       0%         N/A       100%        2
 Momentum Strike          Conj/Tloc      0%         3d8       100%        2
 Confusing Touch          Hex            0%         N/A       100%        3
 Dazzling Flash           Conj/Hex       0%         N/A       100%        3
 Mephitic Cloud           Conj/Alch/Air  0%         N/A       100%        3
 Passwall                 Erth           0%         N/A       100%        3
 Stone Arrow              Conj/Erth      0%         3d7       100%        3
 Volatile Blastmotes      Fire/Tloc      0%         2d10      100%        3
 Anguish                  Hex/Necr       0%         N/A       100%        4
 Brom's Barrelling Bould  Conj/Erth      0%         2d3       100%        4
 Cause Fear               Hex            0%         N/A       100%        4
 Dispel Undead            Necr           0%         3d6       100%        4
 Borgnjor's Vile Clutch   Necr/Erth      0%         N/A       100%        5
 Freezing Cloud           Conj/Ice/Air   0%         6-21      100%        5
 Conjure Ball Lightning   Conj/Air       0%         3x3d6     100%        6
 Starburst                Conj/Fire      0%         6d3       100%        6
 Enfeeble                 Hex            0%         N/A       100%        7
 Discord                  Hex            0%         N/A       100%        8
 Disjunction              Tloc           0%         N/A       100%        8
 Maxwell's Capacitive Co  Air            0%         ∞         100%        8
 Summon Small Mammal      Summ           Unusable   N/A       N/A         1
 Call Imp                 Summ           Unusable   N/A       N/A         2
 Animate Dead             Necr           Unusable   N/A       N/A         4
 Death Channel            Necr           Unusable   N/A       N/A         6

Dungeon Overview and Level Annotations

Branches:
Dungeon (13/15)            Temple (1/1) D:5            Lair (5/5) D:10
  Swamp (0/4) Lair:3       Spider (0/4) Lair:2        Slime (0/5) Lair:4
    Orc (2/2) D:12            Elf (0/3) Orc:2       Ossuary (visited)
Volcano (visited)         Gauntlet (visited)
 Vaults: D:13-14

Altars:
Ashenzari
Cheibriados
Dithmenos
Elyvilon
Fedhas
Gozag
Hepliaklqana
Kikubaaqudgha
Makhleb
Nemelex Xobeh
Okawaru
Qazlal
Ru
Sif Muna
Trog
Uskayaw
Vehumet
Wu Jian
Xom
Yredelemnul
Zin
The Shining One
Jiyva

Shops:
Orc:1 (   Orc:2 ([*!

Annotations:
Lair:1 Casa
Orc:2 Fly


Innate Abilities, Weirdness & Mutations

You have a pair of horns on your head.
You reflexively headbutt those who attack you in melee.


Message History

Your +1 spectral long sword hits the catoblepas but does no damage.
You are engulfed in calcifying dust.
You are slowing down.
You feel sick.
The catoblepas barely misses your +1 spectral long sword.
The cane toad stings you!
You slash the catoblepas! You headbutt the catoblepas.
The catoblepas is almost dead.
Your +1 spectral long sword hits the catoblepas.
You are engulfed in calcifying dust.
Your limbs have turned to stone.
You block the catoblepas's attack. The cane toad stings you.
* * * LOW HITPOINT WARNING * * *
You are more poisoned.
The cane toad poisons you!
You have turned to stone.
Your +1 spectral long sword disappears.
The catoblepas gores you!
* * * LOW HITPOINT WARNING * * *
The cane toad stings you.
* * * LOW HITPOINT WARNING * * *
The cane toad stings you but does no damage.
The catoblepas breathes a plume of calcifying dust at you.
The blast of calcifying dust hits you but does no damage.
The cane toad stings you!
* * * LOW HITPOINT WARNING * * *
You are engulfed in calcifying dust.
The catoblepas smashes its foot into the ground.
The catoblepas gores you!
* * * LOW HITPOINT WARNING * * *
The cane toad stings you but does no damage.
You are engulfed in calcifying dust.
The catoblepas gores you!!
* * * LOW HITPOINT WARNING * * *
The cane toad barely misses you.
You are engulfed in calcifying dust.
The catoblepas gores you!
* * * LOW HITPOINT WARNING * * *
The cane toad stings you!
* * * LOW HITPOINT WARNING * * *
You are engulfed in calcifying dust.
The catoblepas gores you!
* * * LOW HITPOINT WARNING * * *
The cane toad stings you!
You die...

.................................
.................................
.................................
....#P##...#.....................
...##########....................
..[# #.................... ...##
#................###. ....#
#..........####### ## ....#
#.§§@Y......# ....# #..F.......##
....# #..........# ...##
##.......>..## ...###
#............# ...#.#
#............# ....##
##...........# ...##
#.....).....# ...####
###...........#


You could see a catoblepas and a cane toad.

Vanquished Creatures
  An orc warlord (Orc:2)
  A quicksilver ooze (Gauntlet)
  A minotaur (Gauntlet)
  A fire dragon (D:11)
  3 hydras
  A catoblepas (Lair:3)
  3 boulder beetles
  8 two-headed ogres
  6 death yaks
  4 orc high priests (Orc:2)
  A sun demon (Volcano)
  Nergalle (Lair:3)
  2 skysharks
  A skeletal warrior (D:12)
  A goliath frog (Lair:3)
  A sea snake (Lair:5)
  2 large abominations (Gauntlet)
  The ghost of GriffinBr the Mimic, a novice OpSh of Okawaru (D:8)
  5 orc knights
  A lindwurm (Lair:5)
  6 orc sorcerers
  An oklob plant (Lair:4)
  3 cyclopes
  3 ugly things
  3 kobold blastminers
  10 elephants
  3 black mambas
  Maurice (D:7)
  2 molten gargoyles (Volcano)
  12 cane toads
  A torpor snail (Gauntlet)
  6 komodo dragons
  2 gargoyles
  A minotaur zombie (Gauntlet)
  3 kobold demonologists
  A rime drake (Lair:2)
  An unseen horror skeleton (D:8)
  Psyche (D:8)
  Grinder (D:3)
  2 red devils (Volcano)
  8 trolls
  6 polar bears
  A hornet (Lair:3)
  2 dream sheep (D:11)
  16 blink frogs
  3 slime creatures (D:12)
  A ynoxinul (Gauntlet)
  49 yaks
  2 fire bats (Volcano)
  A wyvern (D:11)
  4 wargs (Orc:2)
  3 steam dragons
  3 basilisks
  A hell hound (Volcano)
  4 small abominations (Gauntlet)
  10 water moccasins
  51 orc warriors
  An ice beast (D:5)
  9 black bears
  A sky beast (D:6)
  2 laughing skulls (Gauntlet)
  11 ogres (Orc:2)
  5 centaurs
  18 wolves
  A weeping skull (Gauntlet)
  3 kobold brigands
  15 bullfrogs
  2 gnoll sergeants
  17 scorpions
  2 burial acolytes (D:8)
  7 wights
  4 howler monkeys
  An electric eel (Lair:3)
  A bombardier beetle (D:4)
  6 lava snakes (Volcano)
  8 centaur zombies
  6 quasits (D:8)
  3 hounds
  2 human zombies
  36 orc priests
  2 gnoll boudas
  3 iguanas
  4 iron imps (Gauntlet)
  4 scorpion zombies (Ossuary)
  15 orc wizards
  Terence (D:3)
  A killer bee zombie (D:8)
  3 mummies (Ossuary)
  18 gnolls
  A howler monkey zombie (D:8)
  7 adders
  A white imp (D:8)
  2 adder zombies (Ossuary)
  6 ribbon worms
  4 dart slugs
  88 orcs
  5 endoplasms
  4 giant cockroaches
  14 hobgoblins
  6 jackals
  3 quokkas
  4 ball pythons
  3 ball python zombies (Ossuary)
  2 bats
  11 frilled lizards
  A gnoll zombie (Ossuary)
  A goblin (D:1)
  2 jackal zombies (Ossuary)
  18 kobolds
  4 orc zombies (Ossuary)
  5 rats (D:1)
  2 rat zombies (D:6)
679 creatures vanquished.

Vanquished Creatures (others)
  An orc (Orc:2)
  16 spectral weapons
17 creatures vanquished.

Grand Total: 696 creatures vanquished

Notes
Turn   | Place    | Note
-------+----------+-------------------------------------------
     0 | D:1      | Peloso the Minotaur Fighter began the quest for the Orb.
     0 | D:1      | Reached XP level 1. HP: 19/19 MP: 0/0
    26 | D:1      | Upgraded the game from 0.31.0-4-g52a2dc7128 to
                  | 0.31.0-9-g3a7656b989
   167 | D:1      | Reached XP level 2. HP: 27/27 MP: 1/1
   523 | D:1      | Reached XP level 3. HP: 21/33 MP: 2/2
   857 | D:2      | Reached skill level 3 in Long Blades
  1091 | D:2      | Identified the +12 war axe of Caojaule {heavy, rPois}
  1153 | D:2      | Found a faded altar of an unknown god.
  1404 | D:2      | Reached XP level 4. HP: 38/40 MP: 3/3
  1574 | D:2      | Found a hide-covered altar of Uskayaw.
  1974 | D:3      | Reached skill level 4 in Long Blades
  2064 | D:3      | Reached skill level 1 in Dodging
  2325 | D:3      | Noticed Terence
  2345 | D:3      | Killed Terence
  2346 | D:3      | Reached XP level 5. HP: 41/46 MP: 4/4
  2501 | D:3      | Noticed Grinder
  2511 | D:3      | Killed Grinder
  2512 | D:3      | Reached skill level 5 in Long Blades
  2512 | D:3      | Reached skill level 5 in Shields
  2512 | D:3      | Reached XP level 6. HP: 31/53 MP: 5/5
  2792 | D:4      | Reached skill level 6 in Long Blades
  2792 | D:4      | Reached skill level 5 in Armour
  3000 | D:4      | Reached XP level 7. HP: 52/60 MP: 6/6
  3512 | D:5      | Entered Level 5 of the Dungeon
  3601 | D:5      | Reached skill level 5 in Fighting
  3998 | D:5      | Reached skill level 7 in Long Blades
  4102 | D:5      | Reached XP level 8. HP: 70/70 MP: 7/7
  4297 | D:5      | Found a staircase to the Ecumenical Temple.
  4316 | Temple   | Entered the Ecumenical Temple
  4374 | Temple   | Became a worshipper of Warmaster Okawaru
  4724 | D:6      | Reached skill level 8 in Long Blades
  4825 | D:6      | Found a sand-covered staircase.
  4842 | Ossuary  | Entered an ossuary
  5026 | Ossuary  | Reached * piety under Okawaru
  5030 | Ossuary  | Reached skill level 9 in Long Blades
  5336 | Ossuary  | Reached XP level 9. HP: 77/78 MP: 8/8
  5418 | Ossuary  | Reached skill level 10 in Long Blades
  6026 | D:6      | Reached ** piety under Okawaru
  6564 | D:7      | Reached skill level 1 in Stealth
  6896 | D:7      | Found a snail-covered altar of Cheibriados.
  6897 | D:7      | Noticed a two-headed ogre
  6906 | D:7      | Killed a two-headed ogre
  6906 | D:7      | Reached *** piety under Okawaru
  6907 | D:7      | Reached skill level 11 in Long Blades
  6907 | D:7      | Found a blossoming altar of Fedhas.
  7172 | D:7      | Noticed Maurice
  7188 | D:7      | Killed Maurice
  7189 | D:7      | Reached XP level 10. HP: 63/88 MP: 6/9
  7713 | D:8      | Found a transporter.
  7715 | D:8      | Noticed GriffinBr's ghost (novice OpSh)
  7822 | D:8      | Found a transporter.
  8209 | D:8      | Found a white marble altar of Elyvilon.
  8254 | D:8      | Noticed Psyche
  8263 | D:8      | Killed Psyche
  8404 | D:8      | Found a hide-covered altar of Uskayaw.
  8408 | D:8      | Found a hazy altar of Hepliaklqana.
  8410 | D:8      | Found a shimmering blue altar of Sif Muna.
  8412 | D:8      | Found a glowing golden altar of the Shining One.
  8413 | D:8      | Found a sacrificial altar of Ru.
  8741 | D:8      | Reached **** piety under Okawaru
  8894 | D:8      | Found an ancient bone altar of Kikubaaqudgha.
  8922 | D:8      | Reached skill level 12 in Long Blades
  9128 | D:9      | Identified the +4 scale mail of Ykuqes {Harm Stlth+}
  9318 | D:9      | Found an opulent altar of Gozag.
  9640 | D:10     | Entered Level 10 of the Dungeon
  9657 | D:10     | Found a staircase to the Lair.
  9683 | D:10     | Noticed an orange demon
  9784 | D:10     | Reached ***** piety under Okawaru
  9827 | D:10     | Noticed a two-headed ogre
  9832 | D:10     | Killed a two-headed ogre
  9832 | D:10     | Received a gift from Okawaru
  9833 | D:10     | Reached skill level 13 in Long Blades
 10032 | D:10     | Noticed a two-headed ogre
 10041 | D:10     | Killed a two-headed ogre
 10042 | D:10     | Reached XP level 11. HP: 73/95 MP: 10/10
 10251 | D:10     | Noticed an orc knight
 10283 | D:10     | Killed an orc knight
 10284 | D:10     | Reached skill level 10 in Armour
 10871 | D:10     | Found a burning altar of Makhleb.
 10873 | D:10     | Found a glowing silver altar of Zin.
 10873 | D:10     | Noticed an angel
 10873 | D:10     | Noticed an Executioner
 10895 | D:10     | Reached skill level 14 in Long Blades
 11072 | D:10     | Noticed a green ugly thing
 11084 | D:10     | Killed a green ugly thing
 11084 | D:10     | Received a gift from Okawaru
 11085 | D:10     | Reached skill level 1 in Invocations
 11468 | D:11     | Noticed a fire dragon
 11484 | D:11     | Killed a fire dragon
 11593 | D:11     | Noticed a two-headed ogre
 11600 | D:11     | Killed a two-headed ogre
 11666 | D:11     | Noticed a boulder beetle
 11695 | D:11     | Killed a boulder beetle
 11696 | D:11     | Reached skill level 10 in Fighting
 11776 | D:11     | Noticed a two-headed ogre
 11787 | D:11     | Killed a two-headed ogre
 12021 | D:11     | Found a runed translucent gate.
 12021 | D:11     | Found a runed translucent gate.
 12021 | D:11     | Found a runed translucent gate.
 12022 | D:11     | Noticed a death yak
 12022 | D:11     | Noticed a death yak
 12035 | D:11     | You fall into a shaft and drop 2 floors!
 12055 | D:13     | Noticed a skeletal warrior
 12055 | D:13     | Noticed a skeletal warrior
 12056 | D:13     | Noticed a skeletal warrior
 12160 | D:11     | Received a gift from Okawaru
 12412 | D:11     | Reached XP level 12. HP: 93/107 MP: 12/12
 12839 | D:12     | Found a staircase to the Orcish Mines.
 13478 | D:12     | Reached skill level 15 in Long Blades
 14383 | Lair:1   | Entered Level 1 of the Lair of Beasts
 14498 | Lair:1   | Found a gate leading to a gauntlet.
 14519 | Gauntlet | Entered a Gauntlet
 14519 | Gauntlet | Found a transporter.
 14526 | Gauntlet | Found a transporter.
 14530 | Gauntlet | Identified a scroll of acquirement
 14532 | Gauntlet | Found a transporter.
 14534 | Gauntlet | Found a transporter.
 14541 | Gauntlet | Found a transporter.
 14545 | Gauntlet | Found a transporter.
 14547 | Gauntlet | Noticed a death yak
 14548 | Gauntlet | Noticed a death yak
 14550 | Gauntlet | Found a transporter.
 14550 | Gauntlet | Noticed a death yak
 14557 | Gauntlet | Found a transporter.
 14561 | Gauntlet | Found a transporter.
 14566 | Gauntlet | Found a transporter.
 14566 | Gauntlet | Noticed a quicksilver ooze
 14573 | Gauntlet | Found a transporter.
 14577 | Gauntlet | Found a transporter.
 14583 | Gauntlet | Found a transporter.
 14591 | Gauntlet | Found a transporter.
 15105 | Gauntlet | Acquired the amulet of Xin Lasm {Acrobat rElec rF+ Regen+
                  | Dex-2}
 15250 | Gauntlet | Killed a death yak
 15253 | Gauntlet | Killed a death yak
 15254 | Gauntlet | Reached skill level 10 in Shields
 15266 | Gauntlet | Killed a death yak
 15266 | Gauntlet | Received a gift from Okawaru
 15436 | Gauntlet | Identified the +5 quick blade of Causality {flame, Dex+5}
 15453 | Gauntlet | Killed a quicksilver ooze
 15459 | Gauntlet | Identified the ring "Vuza" {rCorr Int+4 Dex+2}
 15786 | Gauntlet | Noticed a minotaur
 15797 | Gauntlet | Killed a minotaur
 16021 | Lair:1   | Reached XP level 13. HP: 84/117 MP: 13/13
 17030 | Lair:2   | Received a gift from Okawaru
 17531 | Lair:2   | Found a hole to the Spider Nest.
 17568 | Lair:2   | Reached skill level 5 in Stealth
 17981 | Lair:3   | Noticed Nergalle
 17996 | Lair:3   | Killed Nergalle
 18001 | Lair:3   | Reached skill level 16 in Long Blades
 18397 | Lair:3   | Reached ****** piety under Okawaru
 18397 | Lair:3   | Received a gift from Okawaru
 18532 | Lair:3   | HP: 4/122 [death yak (8)]
 19058 | Lair:3   | Found a staircase to the Swamp.
 19076 | Lair:3   | Paralysed by a hornet for 2 turns
 19167 | Lair:3   | Reached skill level 1 in Evocations
 19694 | Orc:1    | Entered Level 1 of the Orcish Mines
 19768 | Orc:1    | Reached skill level 1 in Short Blades
 19937 | Orc:1    | Found Pietes's Antique Weapon Boutique.
 20113 | Orc:2    | Entered Level 2 of the Orcish Mines
 20185 | Orc:2    | Reached XP level 14. HP: 129/129 MP: 14/14
 20357 | Orc:2    | Reached skill level 15 in Armour
 20468 | Orc:2    | Received a gift from Okawaru
 20473 | Orc:2    | Identified the +1 helmet of Dawn {rF+}
 20663 | Orc:2    | Found a staircase to the Elven Halls.
 21266 | Orc:2    | Received a gift from Okawaru
 21282 | Orc:2    | Found Tiwoirhi's General Store.
 21323 | Orc:2    | Bought a scroll of revelation for 120 gold pieces
 21329 | Orc:2    | Found Morar's Distillery.
 21749 | Orc:2    | Noticed an orc warlord
 21754 | Orc:2    | Found Siqir's Armour Boutique.
 21939 | Orc:2    | Killed an orc warlord
 22610 | Orc:2    | Received a gift from Okawaru
 22703 | Orc:2    | Found Huivayzousch's Antique Weapon Shoppe.
 22720 | Orc:2    | HP: 3/116 [orc warrior/+0 glaive (12)]
 23211 | D:8      | Killed GriffinBr's ghost
 23517 | D:11     | Identified the ring of Odopiur {rPois rC+ rN+++ EV+5}
 23531 | D:11     | Reached skill level 5 in Dodging
 24343 | Lair:4   | Found a viscous altar of Jiyva.
 24343 | Lair:4   | Found a staircase to the Slime Pits.
 24416 | Lair:4   | Reached skill level 17 in Long Blades
 24506 | Lair:4   | Received a gift from Okawaru
 25076 | Lair:5   | Entered Level 5 of the Lair of Beasts
 25100 | Lair:5   | Found a dark tunnel.
 25123 | Volcano  | Entered a volcano
 25271 | Volcano  | Reached skill level 15 in Fighting
 25285 | Volcano  | Found a bloodstained altar of Trog.
 25308 | Volcano  | Reached XP level 15. HP: 78/141 MP: 15/15
 25380 | Volcano  | Paralysed by an orc sorcerer for 4 turns
 25590 | Lair:5   | Received a gift from Okawaru
 25711 | Lair:4   | HP: 7/141 [cane toad (6)]
 25712 | Lair:4   | HP: 1/141 [catoblepas (8)]
 25712 | Lair:4   | Slain by a cane toad

Illustrated notes

Levels and vault maps discovered:
D:1:      spicycebolla_arrival_transporter_tutorial, layout_rooms,
          minmay_lizard_king
D:2:      layout_loops_corners, shapermc_ecumenical_altar_venn, basic_altar
D:3:      layout_basic, nicolae_concentric_dashed_squares_mild, uniq_grinder,
          uniq_terence
D:4:      layout_basic
D:5:      layout_gridville, minmay_temple_entry_proselytizer
D:6:      layout_rooms, enter_ossuary_4, nrook_loot_triangle,
          nicolae_letterblocks [nicolae_letter_subblock,
          nicolae_letter_subblock, nicolae_letter_subblock,
          nicolae_letter_subblock, nicolae_letter_subblock,
          nicolae_letter_subblock, nicolae_letter_subblock,
          nicolae_letter_subblock, nicolae_letter_subblock,
          nicolae_letter_subblock, nicolae_letter_subblock,
          nicolae_letter_subblock, nicolae_letter_subblock,
          nicolae_letter_subblock, nicolae_letter_subblock,
          nicolae_letter_subblock, nicolae_letter_subblock,
          nicolae_letter_subblock, nicolae_letter_subblock,
          nicolae_letter_subblock, nicolae_letter_subblock,
          nicolae_letter_subblock, nicolae_letter_subblock,
          nicolae_letter_subblock, nicolae_letter_subblock]
D:7:      layout_gridville, jmf_multi_god_temple, uniq_maurice
D:8:      layout_basic, lemuel_mausoleum_altar_kikubaaqudgha, minitemple,
          nicolae_elyvilon_temple_path, gammafunk_ghost_stat_death, uniq_psyche
D:9:      layout_cave_pools, grunt_gozag_breadcrumbs
D:10:     layout_roguey, grunt_temple_overflow_order_and_chaos_2,
          due_lair_maze_entry_diamond, lightli_church_of_beogh
D:11:     lemuel_bear_cage, layout_gridville
D:12:     layout_grid_maze, orc_0_dummy
D:13:     layout_irregular_city, hellmonk_vaults_keyhole
Temple:   hellmonk_temple_beads
Lair:1:   layout_cave_shapes, gauntlet_entry_generic
Lair:2:   hellmonk_destroyed_diamonds, layout_regular_city,
          nicolae_spider_entry_non_spiders, serial_bayou_pond_e, minivault_24,
          infiniplex_staircase_pool
Lair:3:   layout_chaotic_city, mainiacjoe_swamp_entry_lozenge_pond,
          minivault_25, serial_bayou_pond_d, chequers_serial_rivers_small_a,
          st_stairs_13, grunt_forest_large_clearings, uniq_nergalle
Lair:4:   layout_big_grid, slime_entry_1
Lair:5:   gammafunk_lair_ancient_temple, layout_misc_corridors, enter_volcano_1
Orc:1:    layout_caves, serial_shops, nicolae_diamond_shop
Orc:2:    pubby_orc_utopia

Skill      XL: |  1  2  3  4  5  6  7  8  9 10 11 12 13 14 |
---------------+-------------------------------------------+-----
Shields        | 4 5 6 7 8 9 10 11 13 | 13.7
Fighting       | 4 5 6 8 10 11 13 15 | 15.1
Armour         | 4 5 6 8 9 11 13 14 16 | 16.3
Long Blades    | 3 4 5 6 7 9 11 13 14 15 16 17 | 17.1
Dodging        | 1 2 3 4 5 |  5.4
Stealth        | 1 3 4 5 6 |  6.2
Invocations    | 1 2 |  2.5
Evocations     | 1 |  1.1
Short Blades   | 1 |  1.9

Action                     |  1- 3 |  4- 6 |  7- 9 | 10-12 | 13-15 || total
---------------------------+-------+-------+-------+-------+-------++-------
  Melee: Long sword        |   108 |   111 |   328 |   656 |  1358 ||  2561
         Headbutt          |    19 |    27 |    76 |   177 |   423 ||   722
         Quick blade       |       |       |       |       |    35 ||    35
 Invoke: Heroism           |       |       |       |    11 |    10 ||    21
  Evoke: Wand              |       |       |       |       |     6 ||     6
    Use: Scroll            |     1 |     1 |    16 |     9 |    12 ||    39
         Potion            |     3 |       |       |     8 |     9 ||    20
   Stab: Distracted        |       |       |     2 |    11 |    32 ||    45
         Petrified         |       |       |       |       |     4 ||     4
 Armour: Scale mail        |    79 |     3 |       |       |       ||    82
         Chain mail        |       |    92 |       |       |       ||    92
         Plate armour      |       |       |   292 |   485 |  1103 ||  1880
  Dodge: Dodged            |    51 |    47 |   128 |   205 |   652 ||  1083
  Block: Buckler           |    28 |    28 |    92 |   147 |   375 ||   670
         Tower shield      |       |       |       |       |   357 ||   357
         Form:             |     1 |       |       |       |       ||     1
         Flux              |     1 |       |       |       |       ||     1
